SL
ST. LOUIS COEUR @ SAN MATEO DIRTY REDS
05/15/2041
 
TOP OF THE 1ST
St. Louis Coeur batting - Pitching for San Mateo Dirty Reds : RHP Michael Machen
Pitching: RHP Michael Machen
Batting: LHB Tillmam Cru 0-0: Called Strike
0-1: Ball
1-1: Ball
2-1: Ball
3-1: Base on Balls
Batting: RHB Jaime Soto 0-0: Called Strike
0-1: Ball
1-1: Ball
2-1: Ball
3-1: Base on Balls
Tillmam Cru to second
Batting: LHB Qing-nian Zexian 0-0: Swinging Strike
0-1: Ball
1-1: Called Strike
1-2: Ball
2-2: Strikes out swinging
Batting: RHB Nobuhisa Murakami 0-0: Ball
1-0: Ball
2-0: Foul Ball, location: 2F
2-1: Fly out, F9 (Flyball, 9S, EV 84.4 MPH)
Batting: LHB Harry Cornelis 0-0: Called Strike
0-1: Called Strike
0-2: Ball
1-2: Fly out, F2 (Popup, 2LF, EV 84.4 MPH)
Top of the 1st over - 0 runs, 0 hits, 0 errors, 2 left on base; St. Louis 0 - San Mateo 0
BOTTOM OF THE 1ST
San Mateo Dirty Reds batting - Pitching for St. Louis Coeur : LHP Ralph Greer
Pitching: LHP Ralph Greer
Batting: RHB Paul Tate 0-0: Fly out, F3 (Popup, 3F, EV 78.8 MPH)
Batting: RHB Zahid Kashani 0-0: Ball
1-0: Swinging Strike
1-1: Ball
2-1: Ball
3-1: Ground out 6-3 (Groundball, 6, EV 83.8 MPH)
Batting: RHB James Hemwick 0-0: Foul Ball, location: 2F
0-1: Ball
1-1: Hit by Pitch
Batting: RHB Tae-cho Han 0-0: Called Strike
0-1: Swinging Strike
0-2: Ball
1-2: Foul Ball, location: 2F
1-2: Foul Ball, location: 2F
1-2: Fly out, F8 (Line Drive, 8LM, EV 96.9 MPH)
Bottom of the 1st over - 0 runs, 0 hits, 0 errors, 1 left on base; St. Louis 0 - San Mateo 0
TOP OF THE 2ND
St. Louis Coeur batting - Pitching for San Mateo Dirty Reds : RHP Michael Machen
Batting: RHB Guillermo Coss 0-0: Called Strike
0-1: Foul Ball, location: 2F
0-2: Ball
1-2: Strikes out swinging
Batting: RHB Joel Iyiegbuniwe 0-0: Reached on error, E5 (Groundball, 56, EV 90.0 MPH)
Batting: RHB Ik-jun Cho 0-0: Ball
Joel Iyiegbuniwe is caught stealing 2nd base 2-4
1-0: Ball
2-0: Ball
3-0: Base on Balls
Batting: LHB Dae-ik Park 0-0: Fielders Choice at 2nd, 6-4 (Groundball, 6, EV 81.9 MPH)
Top of the 2nd over - 0 runs, 0 hits, 1 error, 1 left on base; St. Louis 0 - San Mateo 0
BOTTOM OF THE 2ND
San Mateo Dirty Reds batting - Pitching for St. Louis Coeur : LHP Ralph Greer
Batting: RHB Arsenio Laurel 0-0: Called Strike
0-1: Fly out, F8 (Flyball, 8LM, EV 92.5 MPH)
Batting: RHB Yaakov Shmerkin 0-0: Called Strike
0-1: Ball
1-1: Ball
2-1: Ground out 6-3 (Groundball, 56, EV 103.8 MPH)
Batting: RHB Silvian Burger 0-0: Ball
1-0: Ball
2-0: Ball
3-0: Base on Balls
Batting: RHB Jesús Gómez 0-0: Ball
1-0: Ball
2-0: Called Strike
2-1: Foul Ball, location: 2F
2-2: Ball
3-2: Base on Balls
Silvian Burger to second
Batting: RHB Jimmy Scott 0-0: Called Strike
0-1: DOUBLE (Line Drive, 78XD, EV 98.8 MPH)
Silvian Burger scores
Jesús Gómez to third
Runner from 3rd tries for Home, SAFE, throw by LF to home
Batting: RHB Paul Tate 0-0: Called Strike
0-1: Ball
1-1: Called Strike
1-2: DOUBLE (Line Drive, 89XD, EV 103.8 MPH)
Jimmy Scott scores
Batting: RHB Zahid Kashani 0-0: Called Strike
0-1: Foul Ball, location: 2F
0-2: Ball
1-2: Strikes out swinging
Bottom of the 2nd over - 3 runs, 2 hits, 0 errors, 1 left on base; St. Louis 0 - San Mateo 3
TOP OF THE 3RD
St. Louis Coeur batting - Pitching for San Mateo Dirty Reds : RHP Michael Machen
Batting: LHB Tillmam Cru 0-0: Ball
1-0: Ball
2-0: Ball
3-0: Called Strike
3-1: Foul Ball, location: 2F
3-2: Fly out, F4 (Popup, 4, EV 65.0 MPH)
Batting: RHB Jaime Soto 0-0: Called Strike
0-1: Foul Ball, location: 2F
0-2: Ball
1-2: Fly out, F8 (Flyball, 8RM, EV 90.0 MPH)
Batting: LHB Qing-nian Zexian 0-0: Called Strike
0-1: Ball
1-1: Ball
2-1: Ball
3-1: SOLO HOME RUN (Flyball, 78XD, EV 86.9 MPH), Distance : 374 ft
Batting: RHB Nobuhisa Murakami 0-0: Fly out, F8 (Line Drive, 8RM, EV 91.9 MPH)
Top of the 3rd over - 1 run, 1 hit, 0 errors, 0 left on base; St. Louis 1 - San Mateo 3
BOTTOM OF THE 3RD
San Mateo Dirty Reds batting - Pitching for St. Louis Coeur : LHP Ralph Greer
Batting: RHB James Hemwick 0-0: Ball
1-0: SINGLE (Groundball, 56D, EV 104.4 MPH)
Batting: RHB Tae-cho Han 0-0: Called Strike
0-1: Fly out, F8 (Line Drive, 8RD, EV 95.0 MPH)
Batting: RHB Arsenio Laurel 0-0: Ball
1-0: Ball
2-0: Foul Ball, location: 2F
2-1: Ball
3-1: Base on Balls
James Hemwick to second
Batting: RHB Yaakov Shmerkin 0-0: Ball
Passed Ball!
James Hemwick to third
Arsenio Laurel to second
1-0: Ball
2-0: Foul Ball, location: 2F
2-1: Called Strike
2-2: Ground out 4-3 (Groundball, 4, EV 84.4 MPH)
James Hemwick scores
Arsenio Laurel to third
Batting: RHB Silvian Burger 0-0: Ball
1-0: Ball
2-0: Called Strike
2-1: Ground out 6-3 (Groundball, 6M, EV 82.5 MPH)
Bottom of the 3rd over - 1 run, 1 hit, 0 errors, 1 left on base; St. Louis 1 - San Mateo 4
TOP OF THE 4TH
St. Louis Coeur batting - Pitching for San Mateo Dirty Reds : RHP Michael Machen
Batting: LHB Harry Cornelis 0-0: Called Strike
0-1: Ball
1-1: Foul Ball, location: 2F
1-2: Strikes out swinging
Batting: RHB Guillermo Coss 0-0: Swinging Strike
0-1: Ball
1-1: Ball
2-1: Ball
3-1: TRIPLE (Flyball, 78XD, EV 113.1 MPH)
Batting: RHB Joel Iyiegbuniwe 0-0: Ball
1-0: SINGLE (Line Drive, 8LS, EV 100.6 MPH)
Guillermo Coss scores
Batting: RHB Ik-jun Cho 0-0: Called Strike
Joel Iyiegbuniwe steals 2nd base
0-1: SINGLE (Line Drive, 6M, EV 104.4 MPH)
Joel Iyiegbuniwe to third
Batting: LHB Dae-ik Park 0-0: Called Strike
0-1: Fly out, F8 (Line Drive, 8LM, EV 88.8 MPH)
Runner from 3rd tags up, SCORES, throw by CF
Batting: LHB Tillmam Cru 0-0: Swinging Strike
0-1: Swinging Strike
0-2: Foul Ball, location: 2F
0-2: Ball
1-2: Foul Ball, location: 2F
1-2: Foul Ball, location: 2F
1-2: Ball
2-2: Ball
3-2: SINGLE (Line Drive, 8LS, EV 102.5 MPH)
Ik-jun Cho to second
Ik-jun Cho to third
Batting: RHB Jaime Soto 0-0: Ball
1-0: SINGLE (Groundball, 3D, EV 104.4 MPH)
Ik-jun Cho scores
Tillmam Cru to second
Runner from 2nd tries for 3rd, OUT! 9-5
Top of the 4th over - 3 runs, 5 hits, 0 errors, 1 left on base; St. Louis 4 - San Mateo 4
BOTTOM OF THE 4TH
San Mateo Dirty Reds batting - Pitching for St. Louis Coeur : LHP Ralph Greer
Now in LF: Joe Mueller
Batting: RHB Jesús Gómez 0-0: Foul Ball, location: 2F
0-1: Foul Ball, location: 2F
0-2: Foul Ball, location: 2F
0-2: Foul Ball, location: 2F
0-2: Foul Ball, location: 2F
0-2: Ball
1-2: Strikes out looking
Batting: RHB Jimmy Scott 0-0: Called Strike
0-1: Ball
1-1: Swinging Strike
1-2: Ground out 6-3 (Groundball, 6, EV 85.0 MPH)
Batting: RHB Paul Tate 0-0: Foul Ball, location: 2F
0-1: Swinging Strike
0-2: Ball
1-2: Ball
2-2: Foul Ball, location: 2F
2-2: Strikes out swinging
Bottom of the 4th over - 0 runs, 0 hits, 0 errors, 0 left on base; St. Louis 4 - San Mateo 4
TOP OF THE 5TH
St. Louis Coeur batting - Pitching for San Mateo Dirty Reds : RHP Michael Machen
Batting: LHB Qing-nian Zexian 0-0: Foul Ball, location: 2F
0-1: Swinging Strike
0-2: Ball
1-2: Ball
2-2: Fly out, F7 (Flyball, 78M, EV 78.8 MPH)
Batting: RHB Nobuhisa Murakami 0-0: Called Strike
0-1: Swinging Strike
0-2: Ground out 5-3 (Groundball, 56S, EV 91.9 MPH)
Batting: LHB Harry Cornelis 0-0: Ball
1-0: Ball
2-0: Swinging Strike
2-1: Called Strike
2-2: Foul Ball, location: 2F
2-2: Ball
3-2: Foul Ball, location: 2F
3-2: Base on Balls
Batting: RHB Guillermo Coss 0-0: Called Strike
0-1: Ball
1-1: Ball
2-1: Foul Ball, location: 2F
2-2: Fly out, F9 (Flyball, 89S, EV 92.5 MPH)
Top of the 5th over - 0 runs, 0 hits, 0 errors, 1 left on base; St. Louis 4 - San Mateo 4
BOTTOM OF THE 5TH
San Mateo Dirty Reds batting - Pitching for St. Louis Coeur : LHP Ralph Greer
Batting: RHB Zahid Kashani 0-0: Foul Ball, location: 2F
0-1: Ball
1-1: Ball
2-1: SINGLE (Groundball, 56D, EV 97.5 MPH)
Batting: RHB James Hemwick 0-0: Ball
1-0: Called Strike
1-1: Fielders Choice at 2nd, 6-4 (Groundball, 6S, EV 85.6 MPH)
Batting: RHB Tae-cho Han 0-0: Ball
James Hemwick steals 2nd base
1-0: Called Strike
1-1: Ball
2-1: Called Strike
2-2: Foul Ball, location: 2F
2-2: Foul Ball, location: 2F
2-2: Ground out 6-3 (Groundball, 6S, EV 86.2 MPH)
James Hemwick to third
Batting: RHB Arsenio Laurel 0-0: Foul Ball, location: 2F
0-1: Called Strike
0-2: Ball
1-2: Ball
2-2: Ball
3-2: Ground out U3 (Groundball, 3S, EV 81.2 MPH)
Bottom of the 5th over - 0 runs, 1 hit, 0 errors, 1 left on base; St. Louis 4 - San Mateo 4
TOP OF THE 6TH
St. Louis Coeur batting - Pitching for San Mateo Dirty Reds : RHP Michael Machen
Batting: RHB Joel Iyiegbuniwe 0-0: Foul Ball, location: 2F
0-1: Fly out, F8 (Line Drive, 8LM, EV 90.0 MPH)
Batting: RHB Ik-jun Cho 0-0: Ball
1-0: Swinging Strike
1-1: Ball
2-1: Called Strike
2-2: Ball
3-2: Base on Balls
Pitching: RHP Folkert van Huizen
Batting: LHB Dae-ik Park 0-0: Called Strike
0-1: Ball
1-1: Foul Ball, location: 2F
1-2: Ball
2-2: Fielders Choice at 2nd, 4-6 (Groundball, 4, EV 104.4 MPH)
Batting: RHB Joe Mueller 0-0: Called Strike
0-1: Foul Ball, location: 2F
0-2: Strikes out looking
Top of the 6th over - 0 runs, 0 hits, 0 errors, 1 left on base; St. Louis 4 - San Mateo 4
BOTTOM OF THE 6TH
San Mateo Dirty Reds batting - Pitching for St. Louis Coeur : LHP Ralph Greer
Pitching: RHP Seung Pak
Batting: RHB Yaakov Shmerkin 0-0: Ball
1-0: Ball
2-0: Ground out 1-3 (Groundball, 13, EV 68.1 MPH)
Batting: RHB Silvian Burger 0-0: Ball
1-0: Ball
2-0: Ball
3-0: Called Strike
3-1: Foul Ball, location: 2F
3-2: SINGLE (Groundball, 6MD, EV 108.8 MPH)
Batting: RHB Jesús Gómez 0-0: Ball
1-0: Called Strike
1-1: Ball
2-1: Fly out, F7 (Flyball, 7S, EV 88.8 MPH)
Batting: RHB Jimmy Scott 0-0: Called Strike
0-1: Ball
1-1: Ball
2-1: Foul Ball, location: 2F
2-2: Foul Ball, location: 2F
2-2: Foul Ball, location: 2F
2-2: Strikes out swinging
Bottom of the 6th over - 0 runs, 1 hit, 0 errors, 1 left on base; St. Louis 4 - San Mateo 4
TOP OF THE 7TH
St. Louis Coeur batting - Pitching for San Mateo Dirty Reds : RHP Folkert van Huizen
Batting: RHB Jaime Soto 0-0: Ball
1-0: Ball
2-0: SINGLE (Line Drive, 7LS, EV 106.9 MPH)
Batting: LHB Qing-nian Zexian 0-0: Swinging Strike
0-1: Foul Ball, location: 2F
0-2: Foul Ball, location: 2F
0-2: Strikes out swinging
Batting: RHB Nobuhisa Murakami 0-0: Ball
1-0: Called Strike
1-1: Ball
2-1: Foul Ball, location: 2F
2-2: Ball
3-2: SINGLE (Line Drive, 4MD, EV 101.9 MPH)
Jaime Soto to second
Batting: LHB Harry Cornelis 0-0: Ball
1-0: SINGLE (Groundball, 4MD, EV 93.8 MPH)
Jaime Soto to third
Nobuhisa Murakami to second
Runner from 3rd tries for Home, SAFE, throw by CF to home
Batting: RHB Guillermo Coss 0-0: Grounds into double play, 6-4-3 (Groundball, 6, EV 89.4 MPH)
Top of the 7th over - 1 run, 3 hits, 0 errors, 1 left on base; St. Louis 5 - San Mateo 4
BOTTOM OF THE 7TH
San Mateo Dirty Reds batting - Pitching for St. Louis Coeur : RHP Seung Pak
Batting: RHB Paul Tate 0-0: Called Strike
0-1: Foul Ball, location: 2F
0-2: Strikes out swinging
Batting: RHB Zahid Kashani 0-0: Foul Ball, location: 2F
0-1: Called Strike
0-2: Ball
1-2: Fly out, F9 (Flyball, 9D, EV 91.2 MPH)
Batting: RHB James Hemwick 0-0: Ball
1-0: Ball
2-0: Foul Ball, location: 2F
2-1: Ball
3-1: DOUBLE (Line Drive, 8RXD, EV 98.1 MPH)
Batting: RHB Tae-cho Han 0-0: Swinging Strike
0-1: Ball
1-1: Ball
2-1: Ball
3-1: Foul Ball, location: 2F
3-2: Ground out 1-3 (Groundball, 25, EV 90.6 MPH)
Bottom of the 7th over - 0 runs, 1 hit, 0 errors, 1 left on base; St. Louis 5 - San Mateo 4
TOP OF THE 8TH
St. Louis Coeur batting - Pitching for San Mateo Dirty Reds : RHP Folkert van Huizen
Pitching: LHP Urs Ehles
Batting: RHB Joel Iyiegbuniwe 0-0: Foul Ball, location: 2F
0-1: Ball
1-1: Ball
2-1: Swinging Strike
2-2: Ball
3-2: Strikes out swinging
Batting: RHB Ik-jun Cho 0-0: Ball
1-0: Ball
2-0: Ball
3-0: Called Strike
3-1: Swinging Strike
3-2: Foul Ball, location: 2F
3-2: Fly out, F8 (Flyball, 8LXD, EV 84.4 MPH)
Batting: LHB Dae-ik Park 0-0: Foul Ball, location: 2F
0-1: Ball
1-1: Ball
2-1: Called Strike
2-2: Foul Ball, location: 2F
2-2: Strikes out swinging
Top of the 8th over - 0 runs, 0 hits, 0 errors, 0 left on base; St. Louis 5 - San Mateo 4
BOTTOM OF THE 8TH
San Mateo Dirty Reds batting - Pitching for St. Louis Coeur : RHP Seung Pak
Pitching: LHP Denie Ulderink
Batting: RHB Arsenio Laurel 0-0: Called Strike
0-1: Foul Ball, location: 2F
0-2: Ball
1-2: DOUBLE (Line Drive, 9LS, EV 106.2 MPH)
Batting: RHB Yaakov Shmerkin 0-0: Ball
1-0: Fly out, F7 (Flyball, 7S, EV 87.5 MPH)
Batting: RHB Silvian Burger 0-0: Called Strike
0-1: Ball
1-1: Swinging Strike
1-2: Foul Ball, location: 2F
1-2: Ball
2-2: SINGLE (Flyball, 9LS, EV 85.6 MPH)
Arsenio Laurel to third
Runner from 3rd tries for Home, SAFE, throw by RF to home
Batting: RHB Jesús Gómez 0-0: Ball
1-0: Fly out, F8 (Flyball, 78M, EV 88.1 MPH)
Batting: RHB Jimmy Scott Pickoff Throw to First - Out! 1-3
Bottom of the 8th over - 1 run, 2 hits, 0 errors, 0 left on base; St. Louis 5 - San Mateo 5
TOP OF THE 9TH
St. Louis Coeur batting - Pitching for San Mateo Dirty Reds : LHP Urs Ehles
Batting: RHB Joe Mueller 0-0: Ball
1-0: Called Strike
1-1: Ball
2-1: Ball
3-1: Base on Balls
Batting: RHB Jaime Soto 0-0: Ball
1-0: SINGLE (Groundball, 6D, EV 102.5 MPH)
Joe Mueller to second
Batting: LHB Qing-nian Zexian 0-0: Swinging Strike
0-1: Ball
Passed Ball!
Joe Mueller to third
Jaime Soto to second
1-1: Called Strike
1-2: Ball
2-2: Strikes out looking
Batting: RHB Nobuhisa Murakami 0-0: Intentional Walk
Pinch Hitting: RHB Chris McBride 0-0: Ball
1-0: Ball
2-0: Swinging Strike
2-1: Foul Ball, location: 2F
2-2: Strikes out swinging
Batting: RHB Guillermo Coss 0-0: Called Strike
0-1: Fly out, F8 (Line Drive, 8RM, EV 85.6 MPH)
Top of the 9th over - 0 runs, 1 hit, 0 errors, 3 left on base; St. Louis 5 - San Mateo 5
BOTTOM OF THE 9TH
San Mateo Dirty Reds batting - Pitching for St. Louis Coeur : LHP Denie Ulderink
Now in RF: Luis Yander La O
Batting: RHB Jimmy Scott 0-0: Foul Ball, location: 2F
0-1: Ball
1-1: Ball
2-1: Foul Ball, location: 2F
2-2: Ball
3-2: Strikes out swinging
Batting: RHB Paul Tate 0-0: Ball
1-0: Ball
2-0: SINGLE (Groundball, 6MD, EV 98.1 MPH)
Batting: RHB Zahid Kashani 0-0: Ball
Paul Tate steals 2nd base
1-0: Intentional Walk
Batting: RHB James Hemwick 0-0: Ball
1-0: Called Strike
1-1: Fly out, F7 (Flyball, 78S, EV 90.6 MPH)
Batting: RHB Tae-cho Han 0-0: Called Strike
0-1: Ball
1-1: Ball
2-1: Ground out 6-3 (Groundball, 6, EV 91.9 MPH)
Bottom of the 9th over - 0 runs, 1 hit, 0 errors, 2 left on base; St. Louis 5 - San Mateo 5
TOP OF THE 10TH
St. Louis Coeur batting - Pitching for San Mateo Dirty Reds : LHP Urs Ehles
Pitching: RHP Matt Digby
Batting: RHB Joel Iyiegbuniwe 0-0: SINGLE (Flyball, 8LS, EV 97.5 MPH)
Batting: RHB Ik-jun Cho 0-0: Called Strike
0-1: Ball
1-1: Ball
2-1: Ball
3-1: Ball
Joel Iyiegbuniwe to second
Batting: LHB Dae-ik Park 0-0: Bunted foul
0-1: Bunted foul
0-2: Strikes out looking
Batting: RHB Joe Mueller 0-0: Ball
Ik-jun Cho steals 2nd base
Joel Iyiegbuniwe steals 3rd base
1-0: Ball
2-0: Called Strike
2-1: SINGLE (Line Drive, 7S, EV 103.1 MPH)
Joel Iyiegbuniwe scores
Ik-jun Cho to third
Runner from 3rd tries for Home, SAFE, throw by LF to home
Batting: RHB Jaime Soto 0-0: Ball
1-0: Grounds into double play, 4-6-3 (Groundball, 4, EV 105.0 MPH)
Top of the 10th over - 2 runs, 2 hits, 0 errors, 0 left on base; St. Louis 7 - San Mateo 5
BOTTOM OF THE 10TH
San Mateo Dirty Reds batting - Pitching for St. Louis Coeur : LHP Denie Ulderink
Pitching: LHP James Callendar
Batting: RHB Arsenio Laurel 0-0: Ball
1-0: Ball
2-0: Foul Ball, location: 2F
2-1: Foul Ball, location: 2F
2-2: Strikes out swinging
Batting: RHB Yaakov Shmerkin 0-0: Single, Error in OF, E7, batter to second base (Groundball, 56D, EV 106.2 MPH)
Batting: RHB Silvian Burger 0-0: Foul Ball, location: 2F
0-1: Ball
1-1: Foul Ball, location: 2F
1-2: Ball
2-2: Strikes out swinging
Batting: RHB Jesús Gómez 0-0: Ball
1-0: Called Strike
1-1: Ball
2-1: Called Strike
2-2: Foul Ball, location: 2F
2-2: Strikes out looking
Bottom of the 10th over - 0 runs, 1 hit, 1 error, 1 left on base; St. Louis 7 - San Mateo 5
Tuesday, January 5th, 2021 - OOTP Baseball 20.8 Build 74